[Event "ICC tourney 3140 (40 10)"]
[Site "Internet Chess Club"]
[Date "2023.03.04"]
[Round "2"]
[White "HE, DANIEL:BroughtUpBishop"]
[Black "HEBDEN, MARK L:mhebden"]
[Result "0-1"]
[ICCResult "White resigns"]
[WhiteElo "1905"]
[BlackElo "2521"]
[Opening "Scotch: Schmidt variation"]
[ECO "C45"]
[NIC "SO.03"]
[Time "13:15:22"]
[PlyCount "82"]
[TimeControl "2400+10"]

1. e4 e5 2. Nf3 Nc6 3. d4 exd4 4. Nxd4 Nf6 5. Nc3 Bb4 6. Nxc6 bxc6 7. Bd3
O-O 8. O-O d5 9. exd5 cxd5 10. Bg5 c6 11. Na4 h6 12. Bh4 Re8 13. c3 Bd6 14.
h3 a5 15. Qf3 Be6 16. Rfe1 Rb8 17. Bc2 c5 18. Bg3 Qc7 19. Rad1 Bxg3 20. Qxg3
Qxg3 21. fxg3 Rec8 22. Rd2 Kf8 23. g4 Bd7 24. Re5 c4 25. Kh2 Bxg4 26. Bf5
Bxf5 27. Rxf5 Rc6 28. g4 Re8 29. Rf3 Re5 30. b3 Ne4 31. Rd1 h5 32. bxc4 dxc4
33. Rd8+ Ke7 34. Ra8 Ng5 35. Rf2 h4 36. Ra7+ Ke6 37. Nb2 Re3 38. Rxa5 Rxh3+
39. Kg2 Rg3+ 40. Kh2 Nf3+ 41. Rxf3 Rxf3 {White resigns} 0-1

[Event "ICC tourney 3140 (40 10)"]
[Site "Internet Chess Club"]
[Date "2023.03.04"]
[Round "2"]
[White "JIN, JERRY:MysteryHunter"]
[Black "KOEHL, EVAN:MacAndSneeze"]
[Result "0-1"]
[ICCResult "White resigns"]
[WhiteElo "1595"]
[BlackElo "1729"]
[Opening "Caro-Kann: two knights variation"]
[ECO "B11"]
[NIC "CK.01"]
[Time "13:15:47"]
[PlyCount "122"]
[TimeControl "2400+10"]

1. e4 c6 2. Nc3 d5 3. Nf3 dxe4 4. Nxe4 Nf6 5. Nxf6+ exf6 6. d4 Bd6 7. Bd3
O-O 8. O-O Re8 9. Be3 Nd7 10. Qd2 Nf8 11. Rfe1 Qc7 12. h3 Bd7 13. c4 Ng6 14.
Bxg6 hxg6 15. c5 Bf8 16. Bf4 Qd8 17. b4 Be6 18. a4 Qd7 19. Qc3 Bd5 20. Nd2
Qf5 21. Bg3 a6 22. Nc4 Bxc4 23. Qxc4 Red8 24. Rad1 Rd7 25. f3 Rad8 26. Bf2
Qd5 27. Qxd5 Rxd5 28. Rb1 R5d7 29. b5 axb5 30. axb5 Ra8 31. bxc6 bxc6 32.
Rb6 Rc7 33. Reb1 f5 34. Bg3 Rcc8 35. Rb7 g5 36. f4 Rd8 37. R1b4 Ra1+ 38. Kh2
gxf4 39. Bxf4 f6 40. Rc7 Rd1 41. Be3 Re8 42. Rb3 Re6 43. Bf2 Rd2 44. Rf3 g6
45. Kg3 Be7 46. h4 Kf7 47. h5 gxh5 48. Rxf5 Kg6 49. Rf3 f5 50. Bg1 Bf6 51.
Re3 f4+ 52. Kxf4 Bg5+ 53. Kf3 Bxe3 54. Bxe3 Rd3 55. Kf2 Rdxe3 56. Rxc6 Re2+
57. Kf3 Kf5 58. Rxe6 Rxe6 59. d5 Re5 60. c6 Rxd5 61. c7 Rc5 {White resigns}
0-1

[Event "ICC tourney 3140 (40 10)"]
[Site "Internet Chess Club"]
[Date "2023.03.04"]
[Round "2"]
[White "QUIRKE, JEFFREY L:PawnEatingZombi"]
[Black "Fawzy, Adham:domti"]
[Result "0-1"]
[ICCResult "White resigns"]
[WhiteElo "2040"]
[BlackElo "2544"]
[Opening "Nimzo-Indian: classical, Noa variation, 5.cd ed"]
[ECO "E35"]
[NIC "NI.23"]
[Time "13:15:26"]
[PlyCount "108"]
[TimeControl "2400+10"]

1. d4 Nf6 2. c4 e6 3. Nc3 Bb4 4. Qc2 d5 5. cxd5 exd5 6. Bf4 O-O 7. e3 c5 8.
dxc5 Nc6 9. Nf3 Bg4 10. Be2 d4 11. O-O-O Bxc5 12. exd4 Bxd4 13. Qa4 Bxf3 14.
Bxf3 Qb6 15. Bxc6 Bxc3 16. bxc3 Rfc8 17. Be3 Qxc6 18. Qxc6 Rxc6 19. Kb2 h6
20. Rd3 Re8 21. Rhd1 Kh7 22. Bxa7 Ra8 23. Bd4 Ne4 24. Ra1 Nd6 25. a4 Rca6
26. Rdd1 g5 27. Re1 Kg6 28. g4 f6 29. Re7 b5 30. a5 Nc4+ 31. Kc2 Nxa5 32.
Rc7 Nc6 33. Rxa6 Rxa6 34. Kb3 b4 35. Rxc6 Rxc6 36. cxb4 f5 37. h3 fxg4 38.
hxg4 Kf7 39. b5 Rc8 40. Kb4 Ke6 41. b6 Kd5 42. Be3 Rc4+ 43. Kb5 Rc2 44. Ka6
Kc6 45. Ka7 Rc4 46. Ka8 Ra4+ 47. Kb8 Rxg4 48. Kc8 Re4 49. Kd8 Rxe3 50. fxe3
g4 51. e4 g3 52. e5 g2 53. e6 g1=Q 54. e7 Qxb6+ {White resigns} 0-1

[Event "ICC tourney 3140 (40 10)"]
[Site "Internet Chess Club"]
[Date "2023.03.04"]
[Round "2"]
[White "Feng, Jay:TheDeadlyPawn"]
[Black "POLYAKIN, VLADIMIR:IAlwaysWin"]
[Result "0-1"]
[ICCResult "White resigns"]
[WhiteElo "1647"]
[BlackElo "1840"]
[Opening "French: advance, Euwe variation"]
[ECO "C02"]
[NIC "FR.03"]
[Time "13:16:04"]
[PlyCount "118"]
[TimeControl "2400+10"]

1. e4 e6 2. d4 d5 3. e5 c5 4. c3 Nc6 5. Nf3 Bd7 6. Be2 Rc8 7. O-O Nge7 8.
Na3 Nf5 9. Nc2 cxd4 10. cxd4 Qb6 11. g4 Nfe7 12. Rb1 h5 13. h3 hxg4 14. hxg4
Ng6 15. Kg2 Qc7 16. Bd3 Nh4+ 17. Nxh4 Rxh4 18. Bg5 Rh8 19. Rh1 Rxh1 20. Qxh1
Qb6 21. Be3 Nb4 22. Nxb4 Qxb4 23. g5 Bb5 24. Bxb5+ Qxb5 25. Qh7 Qe2 26. Kg3
Qc2 27. g6 Qxg6+ 28. Qxg6 fxg6 29. Rc1 Rc4 30. Kg4 Be7 31. b3 Rc6 32. Bd2
Kd7 33. Rxc6 bxc6 34. a4 c5 35. dxc5 Bxc5 36. f4 Be7 37. Kf3 Kc6 38. b4 Bd8
39. Be3 Be7 40. b5+ Kb7 41. a5 a6 42. bxa6+ Kxa6 43. Bb6 Bb4 44. Bd8 Bxa5
45. Be7 Kb5 46. Ke3 Bb4 47. Bh4 Kc4 48. Bf2 Bc5+ 49. Ke2 Bxf2 50. Kxf2 Kd3
51. Kf3 d4 52. Kg4 Ke2 53. Kg5 d3 54. Kxg6 d2 55. Kf7 d1=Q 56. Kxe6 Kf3 57.
f5 Qb3+ 58. Ke7 Qd5 59. f6 Qxe5+ {White resigns} 0-1

[Event "ICC tourney 3140 (40 10)"]
[Site "Internet Chess Club"]
[Date "2023.03.04"]
[Round "3"]
[White "KONA, VIDIP KUMAR:Vidipkona"]
[Black "Bear, Nicholas D:handsomepuma"]
[Result "1-0"]
[ICCResult "Black checkmated"]
[WhiteElo "1874"]
[BlackElo "1536"]
[Opening "Réti: advance variation"]
[ECO "A09"]
[NIC "RE.16"]
[Time "15:31:48"]
[PlyCount "57"]
[TimeControl "2400+10"]

1. Nf3 d5 2. c4 d4 3. e3 c5 4. exd4 cxd4 5. d3 Nc6 6. g3 e5 7. Bg2 Bd6 8.
O-O Nf6 9. b4 O-O 10. c5 Bc7 11. b5 Ne7 12. Re1 Ng6 13. Bg5 h6 14. Bxf6 Qxf6
15. Nbd2 Qe7 16. Nb3 Be6 17. Rc1 Bxb3 18. Qxb3 Ba5 19. Re2 Bc3 20. h4 h5 21.
Nxe5 Nxe5 22. f4 Qc7 23. Rxe5 g6 24. Rg5 Kg7 25. Be4 Rae8 26. Rxc3 dxc3 27.
Qxc3+ Kh7 28. Rxh5+ Kg8 29. Rh8# {Black checkmated} 1-0

[Event "ICC tourney 3140 (40 10)"]
[Site "Internet Chess Club"]
[Date "2023.03.04"]
[Round "3"]
[White "QI, JENNY:eevee11"]
[Black "MARKOVIC, GORAN:Goran21"]
[Result "0-1"]
[ICCResult "White checkmated"]
[WhiteElo "1630"]
[BlackElo "1930"]
[Opening "Sicilian: Najdorf"]
[ECO "B90"]
[NIC "SI.14"]
[Time "15:31:53"]
[PlyCount "118"]
[TimeControl "2400+10"]

1. e4 c5 2. Nf3 d6 3. d4 cxd4 4. Nxd4 Nf6 5. Nc3 a6 6. f3 e5 7. Nb3 Be6 8.
Be3 Nbd7 9. Qd2 b5 10. g4 h6 11. O-O-O Nb6 12. Kb1 b4 13. Ne2 Nc4 14. Qd3
Nxe3 15. Qxe3 Be7 16. Ng3 O-O 17. h4 Nh7 18. Nc5 Qb6 19. Nxe6 Qxe3 20. Nf5
Qxf3 21. Nxe7+ Kh8 22. Bc4 fxe6 23. Ng6+ Kg8 24. Bxe6+ Qf7 25. Nxf8 Rxf8 26.
Bxf7+ Rxf7 27. Rxd6 Nf6 28. Rd8+ Kh7 29. g5 Nxe4 30. gxh6 gxh6 31. b3 Nc3+
32. Kb2 e4 33. Re1 Rf4 34. h5 Rf5 35. Rd7+ Kg8 36. Rd6 Rxh5 37. Rxa6 e3 38.
Rc6 Ra5 39. Rxc3 bxc3+ 40. Kxc3 Rxa2 41. Rxe3 Kf7 42. Rh3 Kg6 43. b4 Ra3+
44. Kc4 Rxh3 45. b5 Rh1 46. b6 Rb1 47. Kc5 h5 48. c4 h4 49. Kc6 h3 50. b7 h2
51. Kc7 h1=Q 52. b8=Q Rxb8 53. Kxb8 Qc6 54. Ka7 Qxc4 55. Ka8 Qf7 56. Kb8 Kf6
57. Kc8 Ke6 58. Kd8 Kd6 59. Kc8 Qc7# {White checkmated} 0-1

[Event "ICC tourney 3140 (40 10)"]
[Site "Internet Chess Club"]
[Date "2023.03.04"]
[Round "3"]
[White "POLYAKIN, VLADIMIR:IAlwaysWin"]
[Black "ZHAO, DANSON:K01-30127679"]
[Result "1/2-1/2"]
[ICCResult "Game drawn by repetition"]
[WhiteElo "1840"]
[BlackElo "1502"]
[Opening "English: ultra-symmetrical variation"]
[ECO "A36"]
[NIC "EO.31"]
[Time "15:31:54"]
[PlyCount "62"]
[TimeControl "2400+10"]

1. c4 c5 2. g3 g6 3. Bg2 Bg7 4. Nc3 Nc6 5. a3 d6 6. Rb1 a5 7. e4 e5 8. Nge2
Nh6 9. d3 O-O 10. h4 f5 11. h5 g5 12. exf5 Nxf5 13. Ne4 h6 14. b3 Nfd4 15.
Nxd4 Nxd4 16. Be3 Nf5 17. Qd2 Nxe3 18. Qxe3 Rb8 19. a4 b6 20. Nc3 Bb7 21.
Bxb7 Rxb7 22. Nd5 Rbf7 23. O-O Rf3 24. Qe4 Kh8 25. Kg2 R3f5 26. Rbe1 R5f7
27. Re2 Bf6 28. Qg6 Bg7 29. Qe4 Bf6 30. Qg6 Bg7 31. Qe4 Bf6
{Game drawn by repetition}
1/2-1/2

[Event "ICC tourney 3140 (40 10)"]
[Site "Internet Chess Club"]
[Date "2023.03.04"]
[Round "3"]
[White "YUAN, SERENA:doudou2011"]
[Black "OPASKA, MICHAEL:mopaska1106"]
[Result "1-0"]
[ICCResult "Black resigns"]
[WhiteElo "1639"]
[BlackElo "1838"]
[Opening "Dutch with c4 & g3"]
[ECO "A86"]
[NIC "HD.10"]
[Time "15:31:48"]
[PlyCount "61"]
[TimeControl "2400+10"]

1. d4 f5 2. c4 Nf6 3. g3 d6 4. Bg2 g6 5. Nh3 Bg7 6. O-O O-O 7. d5 c6 8. Nc3
e5 9. dxe6 Bxe6 10. Qb3 b5 11. Nxb5 cxb5 12. Bxa8 bxc4 13. Qa3 d5 14. Ng5
Re8 15. Qxa7 h6 16. Nxe6 Rxe6 17. Bf4 Nc6 18. Bxc6 Rxc6 19. a4 Ne4 20. Rab1
Qc8 21. f3 Ra6 22. Qe7 Bd4+ 23. e3 Bf6 24. Qb4 Nc5 25. a5 Nd3 26. Qb5 Qc6
27. Qxc6 Rxc6 28. b4 Nb2 29. b5 Rc5 30. b6 Rb5 31. Bc7 {Black resigns} 1-0

[Event "ICC tourney 3140 (40 10)"]
[Site "Internet Chess Club"]
[Date "2023.03.04"]
[Round "3"]
[White "REDDY, SUSHRUTA:sushruthareddy"]
[Black "KOEHL, EVAN:MacAndSneeze"]
[Result "0-1"]
[ICCResult "White resigns"]
[WhiteElo "2007"]
[BlackElo "1729"]
[Opening "Caro-Kann: advance variation"]
[ECO "B12"]
[NIC "CK.02"]
[Time "15:31:53"]
[PlyCount "72"]
[TimeControl "2400+10"]

1. e4 c6 2. d4 d5 3. e5 c5 4. c3 Nc6 5. Ne2 Bf5 6. a3 e6 7. b4 cxb4 8. cxb4
Qb6 9. Bb2 Nge7 10. Nbc3 Bg6 11. g4 h5 12. Na4 Qc7 13. Rc1 Qd8 14. Nc5 Rb8
15. Nc3 hxg4 16. Qxg4 Bh5 17. Qf4 Nf5 18. Bb5 Bxc5 19. bxc5 O-O 20. Rg1
Ncxd4 21. Be2 Nxe2 22. Nxe2 Bxe2 23. Kxe2 Qh4 24. Rg4 Qh6 25. Qa4 Qh5 26.
Kd2 Rfc8 27. Rcg1 Rxc5 28. Qxa7 Rbc8 29. Qxb7 Qh6+ 30. Rg5 Rc2+ 31. Ke1 Qxh2
32. Qb6 d4 33. Qxd4 Nxd4 34. Rxg7+ Kh8 35. R1g2 Qh1+ 36. Rg1 Qe4+
{White resigns}
0-1

[Event "ICC tourney 3140 (40 10)"]
[Site "Internet Chess Club"]
[Date "2023.03.04"]
[Round "3"]
[White "JAGAN, AASHISH:aashishjagan"]
[Black "Feng, Jay:TheDeadlyPawn"]
[Result "1/2-1/2"]
[ICCResult "White stalemated"]
[WhiteElo "1423"]
[BlackElo "1647"]
[Opening "Queen's pawn game"]
[ECO "A45"]
[NIC "QP.07"]
[Time "15:31:50"]
[PlyCount "70"]
[TimeControl "2400+10"]

1. d4 Nf6 2. e3 e6 3. c3 d5 4. f4 c5 5. Nf3 Bd6 6. Bd3 Nc6 7. O-O Qc7 8. Ng5
h6 9. Nh3 O-O 10. Rf3 b6 11. Nf2 Bb7 12. g4 Ne7 13. h4 Ne4 14. g5 h5 15. Nd2
Nxf2 16. Rxf2 g6 17. Nf1 Nf5 18. Rh2 Rac8 19. Bxf5 exf5 20. Ng3 Kg7 21. b3
Rfe8 22. c4 Kg8 23. Rg2 dxc4 24. bxc4 Bxg2 25. Kxg2 cxd4 26. Bb2 Qxc4 27.
Rc1 Qd5+ 28. Kh2 Rxc1 29. Bxc1 Qxa2+ 30. Ne2 Bxf4+ 31. Kh3 Bxe3 32. Ng3 Qf2
33. Qb3 Bxc1 34. Qc4 Re3 35. Qxf7+ Kxf7 {White stalemated} 1/2-1/2

[Event "ICC tourney 3140 (40 10)"]
[Site "Internet Chess Club"]
[Date "2023.03.04"]
[Round "3"]
[White "Fawzy, Adham:domti"]
[Black "IVANOV, ALEXANDER:marble"]
[Result "1-0"]
[ICCResult "Black resigns"]
[WhiteElo "2544"]
[BlackElo "2340"]
[Opening "Ruy Lopez: closed, Flohr-Zaitsev system (Lenzerheide variation)"]
[ECO "C92"]
[NIC "RL.26"]
[Time "15:31:52"]
[PlyCount "73"]
[TimeControl "2400+10"]

1. e4 e5 2. Nf3 Nc6 3. Bb5 a6 4. Ba4 Nf6 5. O-O Be7 6. Re1 b5 7. Bb3 d6 8.
c3 O-O 9. h3 Bb7 10. d4 Re8 11. Nbd2 Bf8 12. a3 h6 13. Bc2 d5 14. Nxe5 Nxe5
15. dxe5 Rxe5 16. f4 Bc5+ 17. Kh2 Rxe4 18. Nxe4 Nxe4 19. Be3 Bd6 20. Qg4 g6
21. Rad1 h5 22. Qf3 Qf6 23. Kg1 Re8 24. Rf1 h4 25. Bd4 Qf5 26. b4 f6 27.
Rde1 Kf7 28. Qe3 Bc6 29. Qc1 Qh5 30. Bxe4 dxe4 31. c4 bxc4 32. f5 Ke7 33.
Qxc4 Kd7 34. Qf7+ Re7 35. Qxg6 Qxg6 36. fxg6 Rg7 37. Rxf6 {Black resigns}
1-0

[Event "ICC tourney 3140 (40 10)"]
[Site "Internet Chess Club"]
[Date "2023.03.04"]
[Round "3"]
[White "YAN, RUIYANG:jy2020"]
[Black "QUIRKE, JEFFREY L:PawnEatingZombi"]
[Result "1/2-1/2"]
[ICCResult "Game drawn by mutual agreement"]
[WhiteElo "2195"]
[BlackElo "2040"]
[Opening "Ruy Lopez: Taimanov (chase/wing/accelerated counterthrust) variation"]
[ECO "C70"]
[NIC "RL.09"]
[Time "15:31:48"]
[PlyCount "73"]
[TimeControl "2400+10"]

1. e4 e5 2. Nf3 Nc6 3. Bb5 a6 4. Ba4 b5 5. Bb3 Na5 6. O-O d6 7. d4 exd4 8.
Nxd4 Bb7 9. Re1 c5 10. e5 dxe5 11. Qh5 c4 12. Qxe5+ Qe7 13. Bd2 Qxe5 14.
Rxe5+ Kd7 15. Bxa5 Bd6 16. Re1 cxb3 17. axb3 Nh6 18. Nc3 Rhe8 19. Red1 Ke7
20. Nce2 Bc5 21. Ng3 Kf8 22. h3 g6 23. b4 Ba7 24. Nb3 Nf5 25. Nxf5 gxf5 26.
Rd2 Rac8 27. c3 Rc6 28. Rd7 Re7 29. Rd8+ Kg7 30. Nc5 Bxc5 31. bxc5 Rg6 32.
g3 f4 33. Bb4 fxg3 34. c6 gxf2+ 35. Kxf2 Rf6+ 36. Kg1 Rg6+ 37. Kf2
{Game drawn by mutual agreement}
1/2-1/2

[Event "ICC tourney 3140 (40 10)"]
[Site "Internet Chess Club"]
[Date "2023.03.04"]
[Round "3"]
[White "Segich, Joseph:Kalimer123"]
[Black "HE, DANIEL:BroughtUpBishop"]
[Result "0-1"]
[ICCResult "White resigns"]
[WhiteElo "1423"]
[BlackElo "1905"]
[Opening "Sicilian defense"]
[ECO "B30"]
[NIC "SI.31"]
[Time "15:31:51"]
[PlyCount "72"]
[TimeControl "2400+10"]

1. e4 c5 2. Nf3 Nc6 3. Bc4 e6 4. Nc3 g6 5. O-O Bg7 6. Re1 Nge7 7. d3 O-O 8.
Bf4 d6 9. Qc1 d5 10. Bb3 Nd4 11. Nxd4 cxd4 12. Nb5 e5 13. Bg5 a6 14. Na3
dxe4 15. Rxe4 Kh8 16. f4 f6 17. Bh4 Bf5 18. Re2 exf4 19. Qe1 Nc6 20. Nc4 g5
21. Bf2 Ne5 22. Nxe5 fxe5 23. Rxe5 g4 24. Qa5 Qxa5 25. Rxa5 f3 26. Bd5 Rac8
27. Bb3 Bd7 28. Re1 Bc6 29. Rg5 fxg2 30. Re7 Rxf2 31. Kxf2 Bh6 32. Rh5 Rf8+
33. Bf7 Rxf7+ 34. Rxf7 Be3+ 35. Ke2 Bf3+ 36. Rxf3 gxf3+ {White resigns} 0-1

[Event "ICC tourney 3140 (40 10)"]
[Site "Internet Chess Club"]
[Date "2023.03.04"]
[Round "3"]
[White "SHERNOFF, LEON:LeonShernoff"]
[Black "Li, Alex:AlexLi31415"]
[Result "1-0"]
[ICCResult "Black checkmated"]
[WhiteElo "1905"]
[BlackElo "1686"]
[Opening "English opening"]
[ECO "A20"]
[NIC "EO.24"]
[Time "15:31:51"]
[PlyCount "91"]
[TimeControl "2400+10"]

1. c4 e5 2. g3 Nf6 3. Bg2 Nc6 4. Nc3 Be7 5. Nf3 O-O 6. d4 exd4 7. Nxd4 Re8
8. O-O Bc5 9. e3 Ne5 10. b3 c6 11. h3 a6 12. Bb2 d5 13. cxd5 cxd5 14. Rc1
Bxd4 15. Qxd4 Bxh3 16. f4 Nc6 17. Qd2 Bxg2 18. Kxg2 d4 19. exd4 Qxd4 20.
Qxd4 Nxd4 21. Rfe1 b5 22. Rcd1 Nf5 23. Bc1 Rac8 24. Rxe8+ Rxe8 25. Kf3 h5
26. Nd5 Nxd5 27. Rxd5 g6 28. Bb2 Kh7 29. Rd7 Nh6 30. Ra7 Re6 31. Ra8 Ng8 32.
a4 bxa4 33. bxa4 Rb6 34. Bc3 Nf6 35. Be5 Kg7 36. a5 Rc6 37. Ke3 Re6 38. Kd4
Rc6 39. Ra7 Kf8 40. Bc7 Ne8 41. Bb6 Nd6 42. Kd5 Rc1 43. Kxd6 Rd1+ 44. Kc6
Rc1+ 45. Bc5+ Ke8 46. Ra8# {Black checkmated} 1-0

[Event "ICC tourney 3140 (40 10)"]
[Site "Internet Chess Club"]
[Date "2023.03.04"]
[Round "3"]
[White "CHINNI, RISHABH:alphachesplayer"]
[Black "JIN, JERRY:MysteryHunter"]
[Result "1/2-1/2"]
[ICCResult "Game drawn by mutual agreement"]
[WhiteElo "1650"]
[BlackElo "1595"]
[Opening "Sicilian: Najdorf"]
[ECO "B90"]
[NIC "SI.14"]
[Time "15:31:55"]
[PlyCount "155"]
[TimeControl "2400+10"]

1. e4 c5 2. Nf3 d6 3. d4 cxd4 4. Nxd4 Nf6 5. Nc3 a6 6. f3 e5 7. Nb3 Be6 8.
Be3 h5 9. Nd5 Bxd5 10. exd5 Nbd7 11. Qd2 Rc8 12. Na5 Qc7 13. c4 b6 14. Nc6
Nb8 15. Nxb8 Rxb8 16. b4 g6 17. Rc1 Qd7 18. Be2 Bg7 19. O-O O-O 20. Rfd1
Rfd8 21. Bg5 Rdc8 22. Be3 Qe7 23. Qc2 Qb7 24. Qb3 Rc7 25. Qd3 Rbc8 26. Qd2
Nd7 27. Kh1 Bf8 28. g4 hxg4 29. fxg4 b5 30. h4 bxc4 31. h5 Nf6 32. Bf3 c3
33. Qc2 Qxb4 34. Rb1 Qc4 35. hxg6 fxg6 36. a3 Rg7 37. Rb4 Qc7 38. Kg2 a5 39.
Bb6 Qd7 40. Bxa5 e4 41. Be2 Nxg4 42. Rxe4 Nf6 43. Rf4 Nh5 44. Rfd4 Qf5 45.
Qxf5 gxf5+ 46. Kf2 Nf6 47. Bf3 Rg6 48. Rc1 c2 49. Rd2 Ra8 50. Bb4 Bh6 51.
Rdxc2 Bxc1 52. Rxc1 Ng4+ 53. Bxg4 fxg4 54. Rc6 g3+ 55. Kg2 Re8 56. Rxd6 Re2+
57. Kg1 Rg7 58. Rd8+ Kh7 59. d6 Ra2 60. d7 Ra1+ 61. Kg2 Rd1 62. Bc3 Rdxd7
63. Rxd7 Rxd7 64. Be1 Rd3 65. Bxg3 Rxa3 66. Bh2 Kg6 67. Kh1 Ra2 68. Bg1 Kg5
69. Bh2 Kg4 70. Bg1 Kg3 71. Bd4 Rd2 72. Bg1 Kh3 73. Bb6 Rh2+ 74. Kg1 Rb2 75.
Bd4 Rd2 76. Be3 Rd3 77. Bc5 Kg3 78. Kf1 {Game drawn by mutual agreement}
1/2-1/2

[Event "ICC tourney 3140 (40 10)"]
[Site "Internet Chess Club"]
[Date "2023.03.04"]
[Round "4"]
[White "Li, Alex:AlexLi31415"]
[Black "Bear, Nicholas D:handsomepuma"]
[Result "0-1"]
[ICCResult "White resigns"]
[WhiteElo "1686"]
[BlackElo "1536"]
[Opening "Sicilian: Sozin, Leonhardt variation"]
[ECO "B88"]
[NIC "SI.26"]
[Time "17:45:15"]
[PlyCount "42"]
[TimeControl "2400+10"]

1. e4 c5 2. Nf3 d6 3. d4 cxd4 4. Nxd4 Nf6 5. Nc3 Nc6 6. Bc4 e6 7. Bg5 h6 8.
Be3 Be7 9. Qd2 O-O 10. f3 Bd7 11. g4 Nxd4 12. Bxd4 a6 13. e5 dxe5 14. Bxe5
Bc6 15. Qxd8 Rfxd8 16. O-O Bc5+ 17. Kh1 Nxg4 18. Bf4 g5 19. Bc1 Ne5 20. Be2
g4 21. Kg2 gxf3+ {White resigns} 0-1

[Event "ICC tourney 3140 (40 10)"]
[Site "Internet Chess Club"]
[Date "2023.03.04"]
[Round "4"]
[White "MARKOVIC, GORAN:Goran21"]
[Black "KONA, VIDIP KUMAR:Vidipkona"]
[Result "0-1"]
[ICCResult "White resigns"]
[WhiteElo "1930"]
[BlackElo "1874"]
[Opening "Caro-Kann: exchange, Rubinstein variation"]
[ECO "B13"]
[NIC "CK.02"]
[Time "17:45:15"]
[PlyCount "112"]
[TimeControl "2400+10"]

1. e4 c6 2. d4 d5 3. exd5 cxd5 4. Bd3 Nc6 5. c3 Nf6 6. Bf4 Bg4 7. Nf3 e6 8.
Nbd2 Bd6 9. Bg3 O-O 10. O-O Rb8 11. Re1 b5 12. a3 Bxg3 13. hxg3 a6 14. Qc2
Bh5 15. Ne5 Rc8 16. Ndf3 Bg6 17. Nxc6 Rxc6 18. Bxg6 hxg6 19. Ne5 Rc8 20. f3
Qb6 21. Qf2 Rc7 22. g4 Rfc8 23. Re2 a5 24. Nd3 Nd7 25. Rae1 Nb8 26. Nc5 Na6
27. Nxe6 fxe6 28. Rxe6 Rc6 29. R6e5 Qd8 30. Qe2 Nc7 31. Re7 Rf6 32. g5 Rf7
33. Re5 Rf5 34. Re7 Rf7 35. Re5 Qd6 36. Qe3 Rf5 37. g4 Rxe5 38. dxe5 Qe6 39.
Kg2 Na6 40. Rd1 Re8 41. Re1 b4 42. axb4 axb4 43. Kg3 bxc3 44. bxc3 Nc7 45.
f4 Rc8 46. Qd3 Qc6 47. Re3 Na6 48. e6 Nc5 49. Qxg6 Qe8 50. Qf5 Ne4+ 51. Kg2
Rxc3 52. Re1 Rc2+ 53. Kg1 Qe7 54. Qxd5 Qa7+ 55. Qd4 Qxd4+ 56. Re3 Qxe3+
{White resigns}
0-1

[Event "ICC tourney 3140 (40 10)"]
[Site "Internet Chess Club"]
[Date "2023.03.04"]
[Round "4"]
[White "QUIRKE, JEFFREY L:PawnEatingZombi"]
[Black "ZHAO, DANSON:K01-30127679"]
[Result "1-0"]
[ICCResult "Black resigns"]
[WhiteElo "2040"]
[BlackElo "1502"]
[Opening "Grünfeld: modern exchange variation"]
[ECO "D85"]
[NIC "GI.04"]
[Time "17:46:10"]
[PlyCount "69"]
[TimeControl "2400+10"]

1. d4 Nf6 2. c4 g6 3. Nc3 d5 4. cxd5 Nxd5 5. e4 Nxc3 6. bxc3 Bg7 7. Nf3 c5
8. Be3 Nc6 9. Rc1 cxd4 10. cxd4 Bg4 11. d5 Ne5 12. Bb5+ Nd7 13. O-O O-O 14.
Be2 Bxf3 15. Bxf3 Ne5 16. Be2 f5 17. f4 Nd7 18. e5 Nb6 19. Bf3 h6 20. Qb3
Kh7 21. a4 Rb8 22. Rfd1 g5 23. g3 g4 24. Bg2 h5 25. d6 exd6 26. Rxd6 Qe7 27.
Rcd1 Qf7 28. e6 Qe7 29. a5 Nc8 30. Rd7 Qe8 31. Bd4 Rg8 32. Bxb7 Kh8 33.
Bxg7+ Rxg7 34. Rd8 Rg8 35. Rxe8 {Black resigns} 1-0

[Event "ICC tourney 3140 (40 10)"]
[Site "Internet Chess Club"]
[Date "2023.03.04"]
[Round "4"]
[White "IVANOV, ALEXANDER:marble"]
[Black "HE, DANIEL:BroughtUpBishop"]
[Result "1-0"]
[ICCResult "Black resigns"]
[WhiteElo "2340"]
[BlackElo "1905"]
[Opening "Sicilian: Nimzovich-Rossolimo attack (with ...g6, without ...d6)"]
[ECO "B31"]
[NIC "SI.31"]
[Time "17:46:10"]
[PlyCount "59"]
[TimeControl "2400+10"]

1. e4 c5 2. Nf3 Nc6 3. Bb5 g6 4. O-O Bg7 5. c3 Nf6 6. Re1 O-O 7. h3 d6 8. d4
cxd4 9. cxd4 a6 10. Bxc6 bxc6 11. Nc3 Be6 12. Bf4 Nh5 13. Be3 Rb8 14. Qd2 c5
15. d5 Bd7 16. Rac1 Qa5 17. b3 Rfc8 18. Bh6 Bf6 19. e5 dxe5 20. Nxe5 Be8 21.
Ng4 c4 22. Nxf6+ Nxf6 23. Rxe7 cxb3 24. axb3 Rxb3 25. Ne4 Qxd2 26. Nxf6+ Kh8
27. Bxd2 Rxc1+ 28. Bxc1 Kg7 29. Nxe8+ Kf8 30. Re1 {Black resigns} 1-0

[Event "ICC tourney 3140 (40 10)"]
[Site "Internet Chess Club"]
[Date "2023.03.04"]
[Round "4"]
[White "Volkov, Sergey:Volkov"]
[Black "YAN, RUIYANG:jy2020"]
[Result "1-0"]
[ICCResult "Black resigns"]
[WhiteElo "2522"]
[BlackElo "2195"]
[Opening "Nimzo-Indian: Kmoch variation"]
[ECO "E20"]
[NIC "NI.30"]
[Time "17:45:19"]
[PlyCount "47"]
[TimeControl "2400+10"]

1. d4 Nf6 2. c4 e6 3. Nc3 Bb4 4. f3 c5 5. d5 d6 6. e4 O-O 7. Ne2 b5 8. Nf4
exd5 9. Nxd5 Nxd5 10. Qxd5 Qb6 11. Bf4 Bb7 12. Qxd6 Nc6 13. cxb5 Qa5 14.
bxc6 Rad8 15. Qc7 Bxc3+ 16. bxc3 Qxc3+ 17. Kf2 Qxa1 18. cxb7 Rb8 19. Be5 Qb1
20. Bc4 Qc2+ 21. Be2 Rbd8 22. Re1 Rfe8 23. Qa5 h6 24. Bc7 {Black resigns}
1-0

[Event "ICC tourney 3140 (40 10)"]
[Site "Internet Chess Club"]
[Date "2023.03.04"]
[Round "4"]
[White "KOEHL, EVAN:MacAndSneeze"]
[Black "SHERNOFF, LEON:LeonShernoff"]
[Result "1-0"]
[ICCResult "Black resigns"]
[WhiteElo "1729"]
[BlackElo "1905"]
[Opening "Scotch: Potter variation"]
[ECO "C45"]
[NIC "SO.05"]
[Time "17:45:16"]
[PlyCount "77"]
[TimeControl "2400+10"]

1. e4 e5 2. Nf3 Nc6 3. d4 exd4 4. Nxd4 Bc5 5. Nb3 Bb6 6. Nc3 Nf6 7. Bg5 h6
8. Bh4 g5 9. Bg3 d6 10. Bb5 Bd7 11. Qe2 Qe7 12. O-O-O O-O-O 13. Kb1 Rhe8 14.
Rhe1 Ne5 15. Bxd7+ Qxd7 16. a4 a6 17. a5 Ba7 18. f3 Nh5 19. Bf2 Nf4 20. Qf1
Bxf2 21. Qxf2 Kb8 22. Nd5 Nxd5 23. Rxd5 f5 24. exf5 Qxf5 25. Qg3 Qf6 26. c3
Qf7 27. c4 Nxc4 28. Rdd1 Qf5+ 29. Ka2 Nxa5 30. Rxe8 Rxe8 31. Nd4 Qf7+ 32.
Kb1 Qg6+ 33. Ka1 c5 34. Ne2 Rxe2 35. Rxd6 Nb3+ 36. Ka2 Nc1+ 37. Ka1 Qf7 38.
Rf6+ Qc7 39. Rf8+ {Black resigns} 1-0